 Dungeon Crawl Stone Soup version 0.25.0-9-g26727b657a (webtiles) character file.

Game seed: 1626759381666150130

1684 mopl the Cleaver (level 8, 0/56 HPs)
             Began as a Demonspawn Warper on June 20, 2020.
             Was a Believer of Makhleb.
             Slain by an orc knight
             ... wielding a +0 war axe
              (22 damage)
             ... in a bailey.
             The game lasted 00:13:20 (6838 turns).

mopl the Cleaver (Demonspawn Warper)                Turns: 6838, Time: 00:13:20

Health: 0/56       AC: 14    Str: 14    XL:     8   Next: 71%
Magic:  22/22      EV:  3    Int: 14    God:    Makhleb [**....]
Gold:   57         SH:  3    Dex: 13    Spells: 8/11 levels left

rFire    + . .     SeeInvis +   a - +0 hand axe
rCold    . . .     Gourm    .   p - +0 buckler
rNeg     . . .     Faith    +   h - +0 plate armour
rPois    +         Spirit   .   (helmet restricted)
rElec    .         Reflect  .   k - +0 cloak {rPois}
rCorr    .         Harm     .   w - +0 pair of gloves
MR       .....                  (no boots)
Stlth    ..........             u - amulet of faith
HPRegen  0.18/turn              l - ring of see invisible
MPRegen  0.18/turn              A - ring of magical power

@: no status effects
A: horns 1, molten scales 1, fire resistance 1, powered by death 1, flame cloud
immunity
a: Minor Destruction, Renounce Religion


You were in a bailey.
You worshipped Makhleb.
Makhleb was pleased with you.
You were not hungry.

You visited 1 branch of the dungeon, and saw 7 of its levels.
You also visited: Bailey.

You collected 375 gold pieces.
You spent 318 gold pieces at shops.

Inventory:

Hand Weapons
 a - a +0 hand axe (weapon)
Missiles
 b - 53 boomerangs (quivered)
 e - 4 boomerangs of dispersal
 m - 11 javelins
 q - a throwing net
 s - 8 curare-tipped darts
 v - 27 poisoned darts
 B - 93 arrows
Armour
 h - a +0 plate armour (worn)
 k - a +0 cloak of poison resistance (worn)
 p - a +0 buckler (worn)
 w - a +0 pair of gloves (worn)
Jewellery
 l - a ring of see invisible (left hand)
 u - an amulet of faith (around neck)
 A - a ring of magical power (right hand)
Wands
 z - a wand of polymorph (12)
Scrolls
 d - 2 scrolls of blinking
 f - 3 scrolls of immolation
 g - 6 scrolls of remove curse
 n - 3 scrolls of teleportation
 o - a scroll of identify
 r - a scroll of fear
 t - a scroll of amnesia {unknown}
 y - 2 scrolls of magic mapping
Potions
 i - 2 potions of curing
 j - a potion of ambrosia
 C - a potion of lignification
Comestibles
 c - 14 rations


   Skills:
 - Level 2.0 Fighting
 * Level 9.2 Axes
 - Level 0.8 Throwing
 - Level 0.8 Armour
 - Level 1.7 Dodging
 - Level 2.0 Spellcasting
 - Level 2.6 Translocations
 + Level 6.6 Invocations


You had 8 spell levels left.
You knew the following spells:

 Your Spells              Type           Power        Failure   Level  Hunger
a - Apportation           Tloc           #.....       100%        1    ##.....
e - Blink                 Tloc           N/A          100%        2    ###....

Your spell library contained the following spells:

 Spells                   Type           Power        Failure   Level  Hunger
 Animate Skeleton         Necr           N/A          100%        1    ##.....
 Corona                   Hex            #......      100%        1    ##.....
 Summon Small Mammal      Summ           #...         100%        1    ##.....
 Shroud of Golubria       Chrm/Tloc      #.....       100%        2    ###....
 Gell's Gravitas          Tloc           #.........   100%        3    ####...
 Lesser Beckoning         Tloc           #.........   100%        3    ####...
 Teleport Other           Tloc           #.......     100%        3    ####...
 Passage of Golubria      Tloc           N/A          100%        4    #####..


Dungeon Overview and Level Annotations

Branches:
Dungeon (7/15)             Temple (0/1) D:5          Bailey (1/1)

Altars:
Elyvilon
Gozag
Hepliaklqana
Makhleb
Nemelex Xobeh
Wu Jian

Shops:
D:5 [?([   D:6 [


Innate Abilities, Weirdness & Mutations

You have a pair of small horns on your head.
You are partially covered in molten scales. (AC +2)
Your flesh is heat resistant. (rF+)
You regenerate a little health from kills.
You are immune to clouds of flame.


Message History

The orc knight roars a battlecry!
The orc warriors go into a battle-frenzy!
Throwing (i - inventory. (/) - cycle)
b - 53 boomerangs (quivered)
Press: ? - help, Shift-Dir - straight line, f/p - orc warrior
Aim: an orc warrior, wielding a +0 war axe and wearing a +0 chain mail (moderately wounded, inner flame, strong)
You throw a boomerang.
The boomerang barely misses the orc knight.
The boomerang hits the orc warrior but does no damage.
The orc warrior is moderately wounded.
You feel yourself slow down.
The orc knight is engulfed in blazing flames.
Flame seeps out of the orc knight.
Your plate armour prevents you from hitting the orc knight.
The orc knight is heavily wounded.
The orc knight hits you with a +0 war axe!
You hit the orc knight but do no damage.
Your headbutt misses the orc knight.
The orc knight is heavily wounded.
The orc knight hits you with a +0 war axe!!
You die...

##.∩.##
######'######
#∩...≈.≈†..∩#
#'###≈.≈###'#
#....≈.≈....#
#'###≈.≈###'#
#^...≈.≈†..^#
#'###≈.≈###'#
#....≈@≈†...#
#'###≈o≈###'#
#†...≈.≈†...#
#'###§o≈###'#
#....≈g≈....#
#'###≈g≈###'#
#....≈o≈....#
#'###≈o≈###'#
#....≈o≈....#


You could see an orc knight (inner flame), 3 orc warriors, a gnoll (inner flame)
and a goblin (inner flame).

Vanquished Creatures
  Grinder (D:5)
  Edmund (D:6)
  An ice beast (D:6)
  A phantom (D:4)
  A sky beast (D:6)
  An ogre (D:6)
  2 centaurs
  2 bullfrogs
  2 scorpions
  A crimson imp (D:6)
  A bullfrog zombie (D:6)
  A hound (D:7)
  3 orc priests
  A centaur skeleton (D:6)
  A jelly (D:5)
  4 orc wizards
  2 worker ants
  9 adders
  A shadow imp (D:5)
  An ooze (D:4)
  An adder skeleton (D:4)
  A dart slug (D:2)
  6 leopard geckos
  18 orcs
  A ball python (D:4)
  12 bats
  7 giant cockroaches
  9 hobgoblins
  18 jackals
  21 kobolds
  A quokka (D:4)
  2 frilled lizards (D:2)
  9 goblins
  4 rats
147 creatures vanquished.

Notes
Turn   | Place    | Note
-------+----------+-------------------------------------------
     0 | D:1      | mopl the Demonspawn Warper began the quest for the Orb.
     0 | D:1      | Reached XP level 1. HP: 16/16 MP: 3/3
    37 | D:1      | Reached skill level 2 in Axes
   168 | D:1      | Gained mutation: You regenerate a little health from kills.
                  | [demonic ancestry]
   168 | D:1      | Reached XP level 2. HP: 14/22 MP: 5/5
   783 | D:2      | Reached skill level 3 in Axes
   834 | D:2      | Gained mutation: You are partially covered in molten
                  | scales. (AC +2) [demonic ancestry]
   834 | D:2      | Reached XP level 3. HP: 26/27 MP: 6/6
  1552 | D:2      | Reached skill level 4 in Axes
  1552 | D:2      | Reached XP level 4. HP: 33/33 MP: 7/7
  2093 | D:3      | Reached XP level 5. HP: 36/38 MP: 8/8
  2100 | D:3      | Reached skill level 5 in Axes
  2380 | D:3      | HP: 1/38 [orc wizard/+0 dagger (3)]
  2735 | D:3      | Gained mutation: Your flesh is heat resistant. (rF+)
                  | [demonic ancestry]
  2735 | D:3      | Reached XP level 6. HP: 34/44 MP: 9/9
  2867 | D:3      | Found a sparkling altar of Nemelex Xobeh.
  3027 | D:4      | Found an opulent altar of Gozag.
  3113 | D:4      | Found a hazy altar of Hepliaklqana.
  3261 | D:4      | Reached skill level 6 in Axes
  3366 | D:4      | Found a burning altar of Makhleb.
  3366 | D:4      | Noticed a blizzard demon
  3402 | D:4      | Noticed a neqoxec
  3402 | D:4      | Noticed a hellwing
  3404 | D:4      | Became a worshipper of Makhleb the Destroyer
  3618 | D:5      | Entered Level 5 of the Dungeon
  3681 | D:5      | Reached skill level 1 in Invocations
  4355 | D:5      | Found Jumiuh's Antique Armour Boutique.
  4373 | D:5      | Found Vouliepn's Weapon Boutique.
  4374 | D:5      | Found Mateforea's Armour Boutique.
  4375 | D:5      | Found Lyotoerchih's Magic Scroll Boutique.
  4653 | D:5      | Gained mutation: You have a pair of small horns on your
                  | head. [demonic ancestry]
  4653 | D:5      | Reached XP level 7. HP: 20/50 MP: 10/10
  4919 | D:5      | Noticed Grinder
  4926 | D:5      | Paralysed by Grinder for 4 turns
  4935 | D:5      | Reached skill level 7 in Axes
  4936 | D:5      | Paralysed by Grinder for 5 turns
  4946 | D:5      | Killed Grinder
  4948 | D:5      | Bought a glowing cloak for 210 gold pieces
  4965 | D:5      | Bought 2 scrolls of random uselessness for 24 gold pieces
  4965 | D:5      | Bought a scroll of fear for 42 gold pieces
  4965 | D:5      | Bought a scroll of magic mapping for 42 gold pieces
  5106 | D:5      | Found a staircase to the Ecumenical Temple.
  5281 | D:5      | Found a white marble altar of Elyvilon.
  5915 | D:6      | Reached * piety under Makhleb
  5915 | D:6      | Reached skill level 8 in Axes
  5915 | D:6      | Reached skill level 5 in Invocations
  5915 | D:6      | Gained mutation: You are immune to clouds of flame.
                  | [demonic ancestry]
  5915 | D:6      | Reached XP level 8. HP: 50/56 MP: 11/11
  6132 | D:6      | Found Gahoinoy's Antique Armour Boutique.
  6171 | D:6      | Learned a level 1 spell: Apportation
  6240 | D:6      | Noticed Edmund
  6257 | D:6      | Killed Edmund
  6276 | D:6      | Learned a level 2 spell: Blink
  6441 | D:6      | Found an ornate altar of the Wu Jian Council.
  6474 | D:6      | Reached skill level 9 in Axes
  6495 | D:6      | You fall into a shaft and drop 1 floor!
  6542 | D:7      | Found a flagged portal.
  6552 | Bailey   | Entered a bailey
  6678 | Bailey   | Reached ** piety under Makhleb
  6774 | Bailey   | Noticed an orc knight
  6838 | Bailey   | Slain by an orc knight

Illustrated notes

Levels and vault maps discovered:
D:1:      dpeg_arrival_stonehenge_8_columns, layout_basic, minivault_27,
          corexii_leaking_fountain
D:2:      layout_basic
D:3:      cheibrodos_pilgrimage, layout_basic, nemelex_xobeh_ov_fountains_minmay
D:4:      layout_loops_ring, kennysheep_little_box, lemuel_round_altar,
          first_ration, makhleb_altar_promises_db
D:5:      layout_rooms, minmay_temple_entry_hall, minmay_shop_grid_forest,
          elyvilon_altar_3, uniq_grinder
D:6:      layout_layer_cave, lemuel_doored_altar, serial_shops, shop,
          uniq_edmund
D:7:      layout_basic, led_sif_pool, nicolae_ru_path_of_blood, enter_bailey_2,
          chequers_serial_rivers_micro_d, nicolae_dithmenos_shadow_blocks
Bailey:   bailey_axe_1, bailey

Skill      XL: |  1  2  3  4  5  6  7  8 |
---------------+-------------------------+-----
Axes           | 2 3 4 5 6 8 9 |  9.2
Invocations    | 2 5 6 |  6.6
Fighting       | |  2.0
Throwing       | |  0.8
Armour         | |  0.8
Dodging        | |  1.7
Spellcasting   | |  2.0
Translocations | |  2.6

Action                   |  1- 3 |  4- 6 |  7- 9 || total
-------------------------+-------+-------+-------++-------
Melee: Hand axe          |   174 |   376 |   314 ||   864
       Headbutt          |       |       |    62 ||    62
Throw: Boomerang         |       |    17 |    45 ||    62
Evoke: Wand              |       |       |     5 ||     5
  Use: Scroll            |       |     1 |    11 ||    12
       Potion            |       |     1 |     4 ||     5
  Eat: Chunk             |     2 |    11 |     4 ||    17
       Ration            |       |       |     1 ||     1
Armor: Ring mail         |     8 |       |       ||     8
       Leather armour    |     4 |       |       ||     4
       Plate armour      |   170 |   343 |   343 ||   856
Dodge: Dodged            |    42 |    24 |    53 ||   119
Block: Buckler           |     2 |    60 |    58 ||   120
